 Dungeon Crawl Stone Soup version 0.19.4-9-g45fd643 (webtiles) character file.

45 doot the Conjurer (level 3, -3/19 HPs)
             Began as a Tengu Conjurer on Feb 19, 2017.
             Slain by an adder (5 damage)
             ... on level 2 of the Dungeon.
             The game lasted 00:04:20 (847 turns).

doot the Conjurer (Tengu Conjurer)                   Turns: 847, Time: 00:04:21

Health: -3/19      AC:  3    Str:  8    XL:     3   Next: 64%
Magic:  0/7        EV: 13    Int: 16    God:
Gold:   70         SH:  0    Dex: 14    Spells: 3 memorised, 0 levels left

rFire  . . .     SeeInvis .     m - +0 halberd
rCold  . . .     Gourm    .     f - +0 robe (curse)
rNeg   . . .     Faith    .     (shield currently unavailable)
rPois  .         Spirit   .     (helmet restricted)
rElec  .         Reflect  .     (no cloak)
rCorr  .         Harm     .     j - +0 pair of gloves
MR     .....                    (boots unavailable)
Stlth  ++........               (no amulet)
                                l - ring of flight
                                h - ring of wizardry

@: lethally poisoned (-3 -> -8), very slightly contaminated, hasted, very quick
A: beak, talons 3
a: Evoke Flight


You were on level 2 of the Dungeon.
You were hungry.

You visited 1 branch of the dungeon, and saw 3 of its levels.

You collected 70 gold pieces.

Inventory:

Hand Weapons
 d - a +0 club
 g - a +0 dagger
 i - a +0 whip
 m - a +0 halberd (weapon)
Armour
 a - a +0 robe
 f - a cursed +0 robe (worn)
 j - a +0 pair of gloves (worn)
Jewellery
 h - a ring of wizardry (left hand)
 l - a ring of flight (right hand)
Scrolls
 e - a scroll of remove curse {unknown}
 k - a scroll of enchant armour {unknown}
Books
 b - a book of Conjurations

   Spells                             Type                      Level
   a - Magic Dart                     Conjuration                  1
   b - Searing Ray                    Conjuration                  2
   c - Dazzling Spray                 Conjuration/Hexes            3
   d - Fulminant Prism                Conjuration/Hexes            4
   e - Iskenderun's Mystic Blast      Conjuration                  4
   f - Iskenderun's Battlesphere      Conjuration/Charms           5
Comestibles
 c - a bread ration


   Skills:
 + Level 0.2 Polearms
 + Level 2.4 Dodging
 + Level 2.1 Stealth
 + Level 2.1 Spellcasting
 * Level 6.6 Conjurations


You couldn't memorise any spells.
You knew the following spells:

 Your Spells              Type           Power        Failure   Level  Hunger
a - Magic Dart            Conj           ###.         1%          1    #......
b - Searing Ray           Conj           ###...       1%          2    ###....
c - Dazzling Spray        Conj/Hex       ##....       7%          3    ###....


Dungeon Overview and Level Annotations

Branches:
Dungeon (3/15)

Altars:


Innate Abilities, Weirdness & Mutations

You have a beak for a mouth.
You have claws for feet.


Message History

Casting: Searing Ray
Confirm with . or Enter, or press ? or * to list all spells.
Aiming: Magic Dart
Press: ? - help, Shift-Dir - straight line, f/p - adder
Aim: an adder (moderately wounded)
The magic dart hits the adder.
The adder is severely wounded.
The adder misses you.
You miss the adder. You claw the adder, but do no damage.
The adder is severely wounded.
* * * LOW HITPOINT WARNING * * *
You feel sick. The adder barely misses you.
You miss the adder. You claw the adder, but do no damage. You peck the adder.
The adder is almost dead.
The adder barely misses you. The adder misses you.
You miss the adder.
The adder is severely wounded.
* * * LOW HITPOINT WARNING * * *
You feel sick. The adder bites you.
You die...

..##.# ...?
###.#####
#####.......########
........###........#
.#........#......>.#
#..#...#.#........#
... #........S.....#
.# #..#####.@.....#
##. #.......# ..
#.......# #.
######### ### ..#
#.# #.# #.#


You could see an adder.

Vanquished Creatures
  A gnoll (D:1)
  An adder (D:2)
  2 oozes
  2 bats
  3 goblins
  3 hobgoblins
  2 frilled lizards
  2 kobolds
  4 rats
20 creatures vanquished.

Notes
Turn   | Place    | Note
-------+----------+-------------------------------------------
     0 | D:1      | doot the Tengu Conjurer began the quest for the Orb.
     0 | D:1      | Reached XP level 1. HP: 10/10 MP: 4/4
   263 | D:1      | Reached XP level 2. HP: 15/15 MP: 4/6
   267 | D:1      | Learned a level 2 spell: Searing Ray
   473 | D:1      | Reached skill level 6 in Conjurations
   578 | D:2      | Reached XP level 3. HP: 19/19 MP: 3/7
   583 | D:2      | Learned a level 3 spell: Dazzling Spray
   687 | D:2      | You fall through a shaft!
   847 | D:2      | Slain by an adder

Skill      XL: |  1  2 |
---------------+-------+-----
Conjurations   | 6 |  6.6
Polearms       | |  0.2
Dodging        | |  2.4
Stealth        | |  2.1
Spellcasting   | |  2.1

Action                   || total
-------------------------++-------
Melee: Whip              ||     3
       Peck              ||     2
       Halberd           ||     7
       Kick              ||     3
 Cast: Magic Dart        ||    23
       Searing Ray       ||     6
  Use: Potion            ||     1
Armor: Robe              ||     4
Dodge: Dodged            ||    13
